 Dungeon Crawl Stone Soup version 0.14-a0-736-g2a71271 (webtiles) character file.

1129 Malachi the Ducker (level 7, -5/55 HPs)
             Began as a Yellow Draconian Transmuter on Nov 7, 2013.
             Slain by Grinder (8 damage)
             ... while paralysed by Grinder
             ... on Level 3 of the Dungeon.
             The game lasted 00:10:06 (6190 turns).

Malachi the Ducker (Yellow Draconian Transmuter)    Turns: 6190, Time: 00:10:06

HP  -5/55        AC  9     Str 13      XL: 7   Next: 83%
MP   9/10        EV  2     Int 15      God:
Gold 212         SH  0     Dex 11      Spells:  3 memorised,  4 levels left

Res.Fire  : . . .   See Invis. : .     - Unarmed
Res.Cold  : . . .   Warding    : .   (armour unavailable)
Life Prot.: . . .   Conserve   : .   (no shield)
Res.Poison: .       Res.Corr.  : +   (helmet restricted)
Res.Elec. : .       Clarity    : .   t - +2 cloak {MR+}
Sust.Abil.: . .     Spirit.Shd : .   (no gloves)
Res.Mut.  : .       Stasis     : .   (no boots)
Res.Rott. : .       Flight     : .   B - amulet of the gourmand
Gourmand  : +                        (no ring)
                                     (no ring)

@: paralysed, somewhat resistant to hostile enchantments, unstealthy
A: spit acid, acid resistance, unfitting armour, AC +6
a: Spit Acid


You were on level 3 of the Dungeon.
You were not hungry.

You visited 1 branch of the dungeon, and saw 5 of its levels.

You collected 212 gold pieces.

Inventory:

Hand weapons
 e - a cursed -3 blowgun
Missiles
 b - 52 arrows
 f - 3 poisoned needles
Armour
 r - a +0 cloak
 t - a +2 cloak of magic resistance (worn)
Comestibles
 a - 4 bread rations
 g - 3 meat rations
 i - 2 honeycombs
 v - a rotting chunk of human flesh
 E - 4 chunks of orc flesh
Scrolls
 c - 5 scrolls of remove curse
 h - a scroll of identify
 k - a scroll of fear {unknown}
 l - 2 scrolls of enchant armour {unknown}
 m - a scroll of magic mapping {unknown}
 n - 2 scrolls of blinking {unknown}
 o - 3 scrolls of teleportation {unknown}
 s - a scroll of curse weapon {unknown}
 w - a scroll of enchant weapon I {unknown}
 x - a scroll of noise {unknown}
 y - a scroll of amnesia {unknown}
 C - a scroll of curse armour {unknown}
Jewellery
 p - an uncursed ring of teleportation
 q - an uncursed amulet of resist mutation
 B - an amulet of the gourmand (around neck)
 D - a +4 ring of dexterity {unknown}
Potions
 j - 2 potions of brilliance {unknown}
 u - a potion of restore abilities {unknown}
 z - a potion of resistance {unknown}
 A - a potion of curing
 F - a potion of berserk rage {unknown}
Books
 d - a book of Changes

   Spells                             Type                      Level
   *Beastly Appendage                 Transmutation                1
   *Sticks to Snakes                  Transmutation                2
   *Spider Form                       Transmutation/Poison         3
   Ice Form                           Ice/Transmutation            4
   Blade Hands                        Transmutation                5


   Skills:
 + Level 2.8 Fighting
 + Level 5.5 Dodging
 + Level 5.1 Unarmed Combat
 - Level 2.0 Spellcasting
 * Level 3.8 Transmutations
 * Level 3.1 Poison Magic


You had 4 spell levels left.
You knew the following spells:

 Your Spells              Type           Power        Failure   Level  Hunger
a - Beastly Appendage     Trmt           ##....       6%          1    #......
b - Sticks to Snakes      Trmt           ##........   10%         2    ###....
c - Spider Form           Trmt/Pois      ##........   21%         3    ####...


Dungeon Overview and Level Annotations

Branches:
Dungeon (5/27)
 Temple: D:4-7

Altars:

Annotations:
D:3 Grinder


Message History

You hit Grinder.
Grinder is heavily wounded.
Grinder gestures at you.
You suddenly lose the ability to move!
Grinder hits you! Grinder hits you.
You writhe in agony.
* * * LOW HITPOINT WARNING * * *
Grinder hits you but does no damage. Grinder gestures at you. You resist.
Grinder hits you.
* * * LOW HITPOINT WARNING * * *
You writhe in agony.
* * * LOW HITPOINT WARNING * * *
Grinder hits you.
* * * LOW HITPOINT WARNING * * *
You writhe in agony.
* * * LOW HITPOINT WARNING * * *
Grinder hits you!
You die...

.#######..................#
................#.......###
.#..........#.###.......#
.................#......#
....#...#........##...###
.....####........##...# .....#
#...#.........#
.....####...#?#..5...##.. .
................@)....... ...
.############....#...####...#
.## #..)....#...##...!.## ..#
#...........<........
..#######........######.......
.................. .....
)########. ....... ...# .#
##.#.# #.# .# #.#


You could see Grinder.

Vanquished Creatures
  2 centaurs (D:5)
  A phantom (D:4)
  A black bear (D:5)
  Sigmund (D:3)
  Duvessa (D:5)
  A crimson imp (D:5)
  Dowan (D:5)
  A scorpion (D:5)
  An orc priest (D:3)
  An orc wizard (D:3)
  A worker ant (D:5)
  An ogre skeleton (D:5)
  A hound skeleton (D:4)
  8 adders
  4 gnolls
  2 giant mites
  An inept feature mimic (D:2)
  A worm (D:4)
  5 giant geckos
  5 orcs
  A bat skeleton (D:5)
  3 giant cockroaches (D:2)
  6 goblins
  17 hobgoblins
  6 jackals
  14 kobolds
  3 quokkas
  A ball python (D:1)
  10 bats
  12 giant newts
  A goblin skeleton (D:4)
  An orc zombie (D:5)
  11 rats
126 creatures vanquished.

Notes
Turn   | Place    | Note
--------------------------------------------------------------
     0 | D:1      | Malachi, the Draconian Transmuter, began the quest for the Orb.
     0 | D:1      | Reached XP level 1. HP: 16/16 MP: 1/1
   367 | D:1      | Reached XP level 2. HP: 12/23 MP: 0/3
   500 | D:1      | Learned a level 2 spell: Sticks to Snakes
   730 | D:1      | Reached XP level 3. HP: 25/28 MP: 4/4
   735 | D:1      | Learned a level 3 spell: Spider Form
  1065 | D:2      | Reached skill level 4 in Unarmed Combat
  1203 | D:2      | Reached XP level 4. HP: 23/35 MP: 6/6
  2141 | D:2      | Reached skill level 1 in Poison Magic
  2156 | D:3      | Noticed Grinder
  2621 | D:3      | Noticed Sigmund
  2837 | D:4      | Reached XP level 5. HP: 39/41 MP: 7/7
  2904 | D:4      | Noticed a phantom
  2950 | D:4      | Killed a phantom
  3728 | D:4      | Reached XP level 6. HP: 46/48 MP: 7/9
  3861 | D:5      | Entered Level 5 of the Dungeon
  4796 | D:5      | Your scales start taking on a golden yellow colour.
  4796 | D:5      | Reached XP level 7. HP: 16/55 MP: 8/10
  5124 | D:5      | Noticed Dowan
  5140 | D:5      | Killed Dowan
  5195 | D:5      | Noticed Duvessa
  5483 | D:5      | Killed Duvessa
  5483 | D:5      | Reached skill level 5 in Dodging
  5707 | D:5      | Reached skill level 5 in Unarmed Combat
  5847 | D:3      | Killed Sigmund
  6183 | D:3      | Paralysed by Grinder for 7 turns
  6190 | D:3      | Slain by Grinder

Action                   |  1- 3 |  4- 6 |  7- 9 || total
-------------------------+-------+-------+-------++-------
Melee: Unarmed           |   151 |   318 |   136 ||   605
 Cast: Beastly Appendage |    10 |    27 |     3 ||    40
       Spider Form       |       |       |     5 ||     5
 Abil: Spit Acid         |       |       |     5 ||     5
       End Transformatio |       |       |     2 ||     2
  Use: Potion            |       |     3 |       ||     3
       Scroll            |       |     3 |       ||     3
 Stab: Sleeping          |       |     2 |       ||     2
